 Dungeon Crawl Stone Soup version 0.29-a0-321-gf1c400731a (webtiles) character file.

Game seed: 12153736456631844298

17 sizableburger the Skirmisher (level 2, 0/18 HPs)
             Began as a Deep Elf Fighter on Apr 4, 2022.
             Slain by a kobold
             ... wielding a +1 short sword of protection
              (6 damage)
             ... on level 1 of the Dungeon.
             The game lasted 00:01:05 (579 turns).

sizableburger the Skirmisher (Deep Elf Fighter)      Turns: 579, Time: 00:01:05

Health: 0/18       AC:  6    Str: 13    XL:     2   Next: 44%
Magic:  4/4        EV:  8    Int: 12    God:
Gold:   9          SH:  4    Dex: 14    Spells: 1/1 levels left

rFire   . . .      SeeInvis .   j - +4 dagger
rCold   . . .      Faith    .   c - +0 buckler
rNeg    . . .      Spirit   .   b - +0 scale mail
rPois   .          Reflect  .   (no helmet)
rElec   .          Harm     .   (no cloak)
rCorr   .          Rampage  .   (no gloves)
Will    .....                   (no boots)
Stlth   ..........              (no amulet)
HPRegen 0.06/turn               (no ring)
MPRegen 0.09/turn               (no ring)

@: no status effects
A: no striking features
a: no special abilities


You were on level 1 of the Dungeon.
You visited 1 branch of the dungeon, and saw 1 of its levels.

You collected 9 gold pieces.

Inventory:

Hand Weapons
 a - a +0 war axe
 j - a +4 dagger (weapon)
Armour
 b - a +0 scale mail (worn)
 c - a +0 buckler (worn)
Magical Staves
 g - a staff of death
Scrolls
 h - a scroll of enchant weapon {unknown}
 i - a scroll of identify {unknown}
Potions
 d - a potion of might
 e - a potion of degeneration {unknown}
 f - a potion of attraction {unknown}


   Skills:
 + Level 2.8 Fighting
 - Level 2.1 Axes
 - Level 2.4 Armour
 - Level 2.4 Shields
 + Level 0.0 Necromancy
 + Level 0.0 Evocations


You had one spell level left.
You didn't know any spells.
Your spell library was empty.

Dungeon Overview and Level Annotations

Branches:
Dungeon (1/15)

Altars:


Message History

j - a +4 dagger
j - a +4 dagger (weapon)
Key pressed, stopping explore.
Found a stone staircase leading down.
A hobgoblin and a kobold come into view.
The kobold is wielding a +1 short sword of protection.
The hobgoblin shouts!
The kobold shouts!
There are monsters nearby!
The kobold barely misses you.
You hit the kobold but do no damage. The kobold hits you but does no damage.
You hit the kobold but do no damage. The kobold barely misses you.
You hit the kobold but do no damage. The kobold hits you but does no damage.
You hit the kobold but do no damage. The kobold completely misses you.
You hit the kobold.
The kobold is moderately wounded.
You block the hobgoblin's attack. The kobold hits you but does no damage.
You hit the kobold but do no damage.
The kobold is moderately wounded.
The hobgoblin hits you.
The kobold hits you with a +1 short sword of protection.
A quokka comes into view.
You barely miss the kobold.
The kobold is moderately wounded.
The hobgoblin barely misses you. The kobold hits you but does no damage.
You barely miss the kobold.
The kobold is moderately wounded.
The hobgoblin hits you. You block the kobold's attack.
You barely miss the kobold.
The kobold is moderately wounded.
The hobgoblin hits you but does no damage.
The kobold hits you with a +1 short sword of protection.
You barely miss the kobold.
The kobold is moderately wounded.
The hobgoblin hits you but does no damage.
The kobold hits you with a +1 short sword of protection.
You hit the kobold.
The kobold is severely wounded.
The hobgoblin barely misses you.
The kobold hits you with a +1 short sword of protection.
You die...

.##....##.........#.....
.......##............#.#
##.....##...............
.....................#..
....)...................
.....................#..
...............#.#......
...............'K....#.#
...............#@#..>..
...............#g#......
....##.........#r# .....
....# ###........# .....
. ..........## ...
###.#####.# ... ... ...
..... .. ......


You could see a quokka, a hobgoblin and a kobold.

Vanquished Creatures
  2 dart slugs (D:1)
  An endoplasm (D:1)
  A giant cockroach (D:1)
  3 goblins (D:1)
  3 ball pythons (D:1)
  2 bats (D:1)
  A kobold (D:1)
13 creatures vanquished.

Notes
Turn   | Place    | Note
-------+----------+-------------------------------------------
     0 | D:1      | sizableburger the Deep Elf Fighter began the quest for the
                  | Orb.
     0 | D:1      | Reached XP level 1. HP: 13/13 MP: 3/3
   301 | D:1      | Reached XP level 2. HP: 15/18 MP: 4/4
   579 | D:1      | Slain by a kobold

Illustrated notes

Levels and vault maps discovered:
D:1:      lemuel_arrival_river_ford, layout_basic, st_stairs_2

Skill      XL: |  1 |
---------------+----+-----
Axes           | 2 |  2.1
Fighting       | |  2.8
Armour         | |  2.4
Shields        | |  2.4

Action                   || total
-------------------------++-------
Melee: War axe           ||    35
       Dagger            ||    11
Armor: Scale mail        ||    25
Dodge: Dodged            ||    26
Block: Buckler           ||    12

Table legend: (Time is in decaauts)
 A = Elapsed time spent in this place.
 B = Non-inter-level travel time spent in this place.
 C = Inter-level travel time spent in this place.
 D = Time resting spent in this place.
 E = Time spent auto-exploring this place.
 F = Levels seen in this place.
 G = Mean time per level.
                   A        B        C        D        E       F      G
               +--------+--------+--------+--------+--------+-----+--------+
         Total |    597 |    585 |     12 |      0 |    456 |   1 |  597.0 |
       Dungeon |    597 |    585 |     12 |      0 |    456 |   1 |  597.0 |
               +--------+--------+--------+--------+--------+-----+--------+

Top non-repeatable levels by time:
     D:1: 597 daAuts
